 Dungeon Crawl Stone Soup version 0.31-a0-221-gbddc013574 (webtiles) character file.

Game seed: 3533479324092128137

855 Ijustatesigmund the Stinger (level 8, 0/48 HPs)
             Began as an Octopode Venom Mage on July 4, 2023.
             Was an Initiate of Vehumet.
             Slain by a sky beast (5 damage)
             ... on level 6 of the Dungeon.
             The game lasted 00:11:45 (5500 turns).

Ijustatesigmund the Stinger (Octopode Venom Mage)   Turns: 5500, Time: 00:11:46

Health: 0/48       AC:  1    Str:  7    XL:     8   Next: 1%
Magic:  10/13      EV: 12    Int: 19    God:    Vehumet [......]
Gold:   280        SH:  5    Dex: 13    Spells: 4/14 levels left

rFire   . . .        d - +1 spear
rCold   + + .        b - +0 buckler {rC+}
rNeg    . . .        (helmet restricted)
rPois   .            (no amulet)
rElec   .            f - ring of protection from cold
rCorr   .            (no ring)
SInv    .            (no ring)
Will    .....        (no ring)
Stlth   +++          (no ring)
HPRegen 0.28/turn    (no ring)
MPRegen 0.13/turn    (no ring)
                     (no ring)

%: no passive effects
@: mighty
A: almost no armour, amphibious, 8 rings, camouflage 1, gelatinous body 1,
(nimble swimmer 1), tentacles
a: Renounce Religion


You were on level 6 of the Dungeon.
You worshipped Vehumet.
Vehumet was noncommittal.
You visited 2 branches of the dungeon, and saw 7 of its levels.

You collected 280 gold pieces.

Inventory:

Hand Weapons
 d - a +1 spear (weapon)
Missiles
 o - 2 throwing nets
Armour
 b - a +0 buckler of cold resistance (worn)
Magical Staves
 k - a staff of air
Jewellery
 f - a ring of protection from cold (left tentacle)
 j - a +6 ring of dexterity
Wands
 l - a wand of polymorph (3)
 m - a wand of acid (8)
Scrolls
 g - 2 scrolls of identify
Potions
 a - a potion of magic
 e - a potion of curing
 h - a potion of enlightenment
 q - 2 potions of mutation


   Skills:
 + Level 1.4 Fighting
 - Level 2.0 Dodging
 - Level 2.6 Stealth
 - Level 5.0 Shields
 + Level 3.7 Spellcasting
 + Level 2.8 Conjurations
 - Level 1.0 Transmutations
 + Level 3.0 Air Magic
 + Level 5.5 Poison Magic


You had 4 spell levels left.
You knew the following spells:

 Your Spells              Type           Power      Damage    Failure   Level
a - Sting                 Tmut/Pois      60%        1d6       5%          1
b - Poisonous Vapours     Pois/Air       38%        N/A       5%          2
c - Mephitic Cloud        Conj/Pois/Air  17%        N/A       14%         3
d - Olgreb's Toxic Radia  Pois           24%        N/A       22%         4

Your spell library contained the following spells:

 Spells                   Type           Power      Damage    Failure   Level
 Momentum Strike          Conj/Tloc      16%        3d8       19%         2
 Blink                    Tloc           6%         N/A       32%         2
 Lesser Beckoning         Tloc           6%         N/A       32%         2
 Gell's Gravitas          Tloc           3%         N/A       54%         3
 Teleport Other           Tloc           3%         N/A       54%         3
 Dispersal                Tloc           1%         N/A       100%        6


Dungeon Overview and Level Annotations

Branches:
Dungeon (6/15)             Temple (1/1) D:4

Altars:
Ashenzari
Cheibriados
Dithmenos
Elyvilon
Fedhas
Gozag
Hepliaklqana
Kikubaaqudgha
Makhleb
Nemelex Xobeh
Okawaru
Qazlal
Ru
Sif Muna
Trog
Uskayaw
Vehumet
Yredelemnul
Zin

Shops:
D:1 (((([   D:2 (


Innate Abilities, Weirdness & Mutations

You cannot wear most types of armour.
You are amphibious.
You can wear up to eight rings at the same time.
Your skin changes colour to match your surroundings (Stealth+).
Your rubbery body absorbs attacks. (AC +1, EV +1)
((You are camouflaged when in or above water. (Stealth+)))
You have tentacles for arms and can constrict up to eight enemies at once.


Message History

The adder poisons you!
You barely miss the adder. Your grab misses the adder.
You feel sick.
A sky beast comes into view.
The adder barely misses you.
You hit the adder. You grab the adder.
The adder is moderately wounded.
You constrict the adder.
You feel sick. You block the adder's attack. The adder bites you.
You are more poisoned.
The adder poisons you!
You hit the adder.
The adder is severely wounded.
You constrict the adder.
You kill the adder!
Vehumet accepts your kill.
You feel sick. The sky beast barely misses you.
You barely miss the sky beast.
You squeeze the sky beast, but do no damage.
You feel sick. The sky beast hits you. The sky beast shocks you.
You completely miss the sky beast.
You feel sick. The sky beast misses you.
You barely miss the sky beast.
You feel sick.
You are no longer poisoned.
The sky beast hits you. The sky beast shocks you.
You are too injured to fight recklessly!
You are too injured to fight recklessly!
You feel very mighty all of a sudden.
A bullfrog comes into view.
The sky beast closely misses you.
The bullfrog moves out of view.
You barely miss the sky beast. Your squeeze misses the sky beast.
The sky beast barely misses you.
You miss the sky beast.
The sky beast flickers out of sight!
Deactivating autopickup; reactivate with Ctrl-A.
Something hits you. Something shocks you. Something hits you.
* * * LOW HITPOINT WARNING * * *
Something shocks you.
* * * LOW HITPOINT WARNING * * *
You closely miss something. Your squeeze misses something. Something hits you.
* * * LOW HITPOINT WARNING * * *
Something shocks you.
You die...

.........#
.........#
.........#
.........# #
.........##.#
...........
.........##
.......{@.#
.).....##†#
....... #.#
....... #.#
....... #.#
#...... #.#
##..... ...
...... ###


There were no monsters in sight!

Vanquished Creatures
  2 phantoms
  2 scorpions
  5 killer bees (D:4)
  A howler monkey (D:6)
  A hound (D:5)
  An iguana (D:5)
  An orc wizard (D:4)
  12 gnolls
  7 adders
  A worm (D:3)
  5 dart slugs
  2 orcs (D:4)
  2 ball pythons
  4 bats
  9 endoplasms
  2 giant cockroaches
  7 goblins
  3 hobgoblins
  3 quokkas
  6 frilled lizards
  6 kobolds
  4 rats
86 creatures vanquished.

Notes
Turn   | Place    | Note
-------+----------+-------------------------------------------
     0 | D:1      | Ijustatesigmund the Octopode Venom Mage began the quest for
                  | the Orb.
     0 | D:1      | Reached XP level 1. HP: 11/11 MP: 3/3
    51 | D:1      | Found Etiro's Weapon Shop.
    98 | D:1      | Found Vepipt's Weapon Shop.
   259 | D:1      | Found Aciteimn's Antique Weapon Emporium.
   267 | D:1      | Reached XP level 2. HP: 11/18 MP: 3/5
   277 | D:1      | Reached skill level 1 in Fighting
   280 | D:1      | Learned a level 2 spell: Poisonous Vapours
   436 | D:1      | Found Epsoyju's Armour Shoppe.
   460 | D:1      | Reached XP level 3. HP: 21/23 MP: 2/6
   597 | D:1      | Learned a level 3 spell: Mephitic Cloud
   603 | D:1      | Found Jauckuq's Weapon Shop.
   923 | D:2      | Reached skill level 1 in Air Magic
   937 | D:2      | Found Yfuprie's Antique Weapon Shoppe.
   977 | D:2      | Identified the scarf of Resonance {repulsion, rC- Int+3
                  | Dex+5}
  1397 | D:2      | Reached XP level 4. HP: 28/28 MP: 2/8
  2075 | D:3      | Found a bloodstained altar of Trog.
  2194 | D:3      | Reached skill level 1 in Conjurations
  2311 | D:3      | Reached XP level 5. HP: 33/33 MP: 2/9
  3287 | D:3      | Reached skill level 5 in Poison Magic
  3385 | D:4      | Found a staircase to the Ecumenical Temple.
  3387 | D:4      | Noticed a phantom
  3394 | Temple   | Entered the Ecumenical Temple
  3436 | Temple   | Became a worshipper of Vehumet
  3482 | D:4      | Killed a phantom
  3483 | D:4      | Reached XP level 6. HP: 26/38 MP: 9/11
  3776 | D:4      | Found a sacrificial altar of Ru.
  3779 | D:4      | Found a stormy altar of Qazlal.
  3925 | D:4      | Reached skill level 1 in Shields
  4221 | D:4      | Found an iron altar of Okawaru.
  4233 | D:4      | Reached XP level 7. HP: 43/43 MP: 7/12
  4816 | D:4      | Found a shadowy altar of Dithmenos.
  4817 | D:4      | Found a white marble altar of Elyvilon.
  4821 | D:4      | Found an ancient bone altar of Kikubaaqudgha.
  4863 | D:5      | Entered Level 5 of the Dungeon
  5016 | D:5      | Learned a level 4 spell: Olgreb's Toxic Radiance
  5042 | D:5      | Reached skill level 5 in Shields
  5271 | D:5      | Found a shimmering blue altar of Sif Muna.
  5489 | D:6      | Reached XP level 8. HP: 48/48 MP: 8/13
  5500 | D:6      | Slain by a sky beast

Illustrated notes

Levels and vault maps discovered:
D:1:      giann_wishing_wells, layout_rooms, serial_shops, nicolae_shop_trees,
          nicolae_shop_bloodbath_and_beyond, shop,
          nicolae_shop_overgrown_old_shop, shop, kennysheep_flooded_box,
          chequers_jeans, moated_statue
D:2:      layout_loops_ring, serial_shops, nicolae_shop_hallway_plus
D:3:      layout_loops_cross, mainiacjoe_overflow_boulevard,
          amcnicky_mini_pool_small
D:4:      layout_basic, kennysheep_mini_moat, minitemple,
          minmay_temple_entry_large_hall
D:5:      layout_basic, nicolae_sif_muna_little_library, tso_altar
D:6:      layout_basic, mainiacjoe_overflow_alcove_4, gammafunk_ghost_icy,
          serial_shops, nicolae_shop_stone, minmay_misc_feat_tiny
Temple:   hellmonk_temple_of_storms

Skill      XL: |  1  2  3  4  5  6  7 |
---------------+----------------------+-----
Fighting       | 1 |  1.4
Poison Magic   | 4 5 |  5.5
Air Magic      | 1 2 3 |  3.0
Conjurations   | 1 2 |  2.8
Spellcasting   | 3 |  3.7
Shields        | 2 5 |  5.0
Dodging        | |  2.0
Stealth        | |  2.6
Transmutations | |  1.0

Action                     |  1- 3 |  4- 6 |  7- 9 || total
---------------------------+-------+-------+-------++-------
  Melee: Spear             |    54 |   117 |    58 ||   229
         Constrict         |    16 |    26 |     8 ||    50
         Tentacles         |    16 |    21 |    10 ||    47
         Unarmed           |     2 |       |       ||     2
         Punch             |       |     4 |       ||     4
   Cast: Sting             |     7 |     4 |     3 ||    14
         Poisonous Vapours |    13 |    30 |    19 ||    62
         Mephitic Cloud    |       |    11 |     2 ||    13
    Use: Scroll            |       |    13 |     1 ||    14
         Potion            |       |     2 |     1 ||     3
   Stab: Sleeping          |     5 |     2 |       ||     7
         Confused          |       |     3 |       ||     3
 Armour: Skin              |     1 |     6 |     2 ||     9
  Dodge: Dodged            |    21 |    64 |    19 ||   104
  Block: Buckler           |       |       |    16 ||    16

Table legend: (Time is in decaauts)
 A = Elapsed time spent in this place.
 B = Non-inter-level travel time spent in this place.
 C = Inter-level travel time spent in this place.
 D = Time resting spent in this place.
 E = Time spent auto-exploring this place.
 F = Levels seen in this place.
 G = Mean time per level.
                   A        B        C        D        E       F      G
               +--------+--------+--------+--------+--------+-----+--------+
         Total |   5524 |   5390 |    134 |   1884 |   2725 |   7 |  789.1 |
       Dungeon |   5466 |   5347 |    119 |   1884 |   2701 |   6 |  911.0 |
        Temple |     57 |     42 |     15 |      0 |     24 |   1 |   57.0 |
               +--------+--------+--------+--------+--------+-----+--------+

Top non-repeatable levels by time:
     D:3: 1445 daAuts
     D:4: 1432 daAuts
     D:2: 1056 daAuts
     D:1: 888 daAuts
     D:5: 488 daAuts
     D:6: 154 daAuts
  Temple: 57 daAuts
